AoeStats
← hbrandstaetter

Highland

504217484Analyzed
2v2 RM · 29d ago on Sep 4, 2026· 74m 46s· 4 players
Game mode
Random Map
Map size
Medium (4 player)
Population
200
Speed
Normal
Resources
Standard
Victory
Conquest
Starting age
Dark Age
Ending age
Imperial Age
RankedLock teamsTeams togetherTeam positionsShared explorationLock speedFull tech treeHidden civsTurbo modeCheats
Victory
Defeat
🇫🇷 Bohemians · France
1009
+16
🇫🇷 Franks · France
989
+17
🇦🇹 Berbers · Austria
1050
-18
🇺🇸 Gurjaras · United States
975
-15
adityasankolli
9:21 Loom
11:43 Feudal Age
17:23 Castle Age
15:43 Double-Bit Axe
20:50 Scale Barding Armor
21:44 Forging
32:06 Chain Barding Armor
32:22 Iron Casting
33:46 Husbandry
33:57 Bloodlines
37:36 Imperial Age
35:47 Fletching
38:40 Conscription
38:31 Heavy Camel Rider
45:24 Plate Barding Armor
56:13 Medium Warships
57:38 Medium Warships
57:00 Demolition Ship
62:26 Chemistry
65:06 Elite Skirmisher
65:58 Thumb Ring
hbrandstaetter
6:01 Loom
9:59 Feudal Age
17:35 Castle Age
15:49 Horse Collar
16:44 Double-Bit Axe
23:37 Town Watch
24:26 Padded Archer Armor
27:34 Fletching
37:27 Imperial Age
37:09 Wheelbarrow
37:17 Bodkin Arrow
37:49 Heavy Plow
38:49 Leather Archer Armor
39:57 Chemistry
39:55 Ballistics
40:00 Gold Mining
41:25 Maghrebi Camels
42:01 Ring Archer Armor
43:28 Hand Cart
46:40 Gold Shaft Mining
47:10 Elite Camel Archer
48:27 Bracer
51:19 Bow Saw
52:31 Town Patrol
54:07 Hoardings
Keropicko
10:40 Loom
12:43 Feudal Age
21:55 Castle Age
21:05 Double-Bit Axe
24:05 Medium Warships
26:41 Wheelbarrow
29:19 Fletching
30:38 Bodkin Arrow
33:32 Chemistry
32:44 Fortified Wall
32:56 Ballistics
32:21 Horse Collar
35:21 Heavy Plow
35:34 Padded Archer Armor
40:23 Imperial Age
38:44 Careening
38:45 Clinker Construction
38:46 Masonry
38:17 Treadmill Crane
38:59 Wagenburg Tactics
39:11 Leather Archer Armor
39:07 Forging
39:17 Light Cavalry
41:36 Conscription
41:33 Bracer
41:35 Scale Mail Armor
42:11 Iron Casting
42:06 Ring Archer Armor
43:28 Hand Cart
42:59 Town Watch
43:47 Architecture
43:12 Murder Holes
44:20 Pikeman
46:33 Heavy Warships
48:30 Blast Furnace
47:48 Chain Mail Armor
50:07 Caravan
49:31 Halberdier
50:12 Squires
50:46 Plate Mail Armor
50:22 Scale Barding Armor
50:08 Houfnice
54:16 Siege Engineers
53:59 Arrowslits
54:04 Guard Tower
58:26 Arson
60:22 Chain Barding Armor
66:25 Elite Cannon Galleon
66:46 Fishing Lines
Jacobin
0:28 Loom
11:09 Feudal Age
21:48 Castle Age
20:18 Gold Mining
20:18 Double-Bit Axe
23:49 Bow Saw
24:16 Gold Shaft Mining
23:35 Stone Mining
28:41 Pikeman
29:21 Squires
30:01 Arson
31:55 Wheelbarrow
35:21 Masonry
40:52 Imperial Age
39:00 Fortified Wall
42:54 Chemistry
43:53 Architecture
43:36 Fletching
51:17 Cavalier
51:58 Husbandry
54:40 Hand Cart
57:57 Bodkin Arrow
58:02 Padded Archer Armor
59:40 Conscription
60:09 Leather Archer Armor
60:01 Scale Barding Armor
60:08 Forging
62:50 Paladin
63:53 Chain Barding Armor
64:09 Iron Casting
66:24 Hoardings
66:34 Plate Barding Armor
66:04 Elite Skirmisher
68:46 Halberdier
69:41 Chivalry
72:20 Blast Furnace
71:39 Caravan
Connection lost

Rejoining the realm…

Still unreachable

The connection could not be restored.

Session expired

The server has moved on; the page needs a fresh start.